 Dungeon Crawl Stone Soup version 0.30-a0-726-gd89dcf765f (webtiles) character file.

Game seed: 9989472255210502308

121 browni3141 the Digger (level 5, -8/38 HPs)
             Began as a Human Earth Elementalist on Jan 30, 2023.
             Engulfed by a cloud of flame (21 damage)
             ... on level 3 of the Dungeon.
             The game lasted 00:03:52 (3120 turns).

browni3141 the Digger (Human Earth Elementalist)    Turns: 3120, Time: 00:03:52

Health: -8/38      AC:  2    Str:  8    XL:     5   Next: 26%
Magic:  8/8        EV: 12    Int: 18    God:
Gold:   132        SH:  0    Dex: 13    Spells: 2/8 levels left

rFire   . . .      SeeInvis .    t - +0 short sword
rCold   . . .      Faith    .    (no shield)
rNeg    . . .      Spirit   .    a - +0 robe
rPois   .          Reflect  .    (no helmet)
rElec   .          Harm     .    (no cloak)
rCorr   +          Rampage  .    (no gloves)
Will    .....                    (no boots)
Stlth   ++                       (no amulet)
HPRegen 0.26/turn                e - ring of resist corrosion
MPRegen 0.11/turn                l - ring of wizardry

@: no status effects
A: no striking features
a: no special abilities


You were on level 3 of the Dungeon.
You visited 1 branch of the dungeon, and saw 3 of its levels.

You collected 132 gold pieces.

Inventory:

Hand Weapons
 c - a +0 whip
 t - a +0 short sword (weapon)
Armour
 a - a +0 robe (worn)
Jewellery
 e - a ring of resist corrosion (left hand)
 l - a ring of wizardry (right hand)
 o - an amulet of the acrobat
 q - a ring of magical power
Scrolls
 d - 2 scrolls of identify
 f - 2 scrolls of vulnerability
 h - a scroll of magic mapping
 j - a scroll of immolation {unknown}
 k - 3 scrolls of teleportation
 m - a scroll of fear {unknown}
 n - a scroll of blinking {unknown}
 p - a scroll of butterflies {unknown}
 s - a scroll of amnesia {unknown}
 v - a scroll of enchant armour {unknown}
Potions
 b - a potion of magic
 g - a potion of mutation
 i - a potion of brilliance
 r - a potion of attraction {unknown}
 u - 2 potions of invisibility {unknown}


   Skills:
 - Level 2.0 Fighting
 - Level 2.0 Dodging
 - Level 2.0 Stealth
 - Level 2.0 Spellcasting
 * Level 2.5 Conjurations
 - Level 3.0 Transmutations
 - Level 3.0 Earth Magic


You had 2 spell levels left.
You knew the following spells:

 Your Spells              Type           Power      Damage    Failure   Level
a - Sandblast             Erth           24%        2d8       2%          1
b - Passwall              Tmut/Erth      10%        N/A       3%          2
c - Stone Arrow           Conj/Erth      22%        3d8       7%          3

Your spell library contained the following spells:

 Spells                   Type           Power      Damage    Failure   Level
 Petrify                  Tmut/Erth      12%        N/A       21%         4


Dungeon Overview and Level Annotations

Branches:
Dungeon (3/15)

Altars:
Nemelex Xobeh


Message History

You can't see any susceptible monsters within range! (Use Z to cast anyway.)
You can't see any susceptible monsters within range! (Use Z to cast anyway.)
A giant cockroach is nearby!
A giant cockroach is nearby!
The blast of sand hits the giant cockroach.
The giant cockroach is heavily wounded.
The giant cockroach bites you but does no damage.
The blast of sand hits the giant cockroach!
You kill the giant cockroach!
An orc comes into view. It is wielding a +0 falchion.
The orc shouts!
You hear a shout!
An orc is nearby!
An orc is nearby!
An orc is nearby! 2 orcs come into view.
The orc moves out of view.
The orc shouts!
The blast of sand hits the orc!
You kill the orc!
The blast of sand hits the orc.
The orc is heavily wounded.
The blast of sand hits the orc!
You kill the orc!
The blast of sand hits the orc!
You kill the orc!
Things that are here:
a +0 hand axe; an orc corpse You open the door.
There is an open door here.
There is an open door here.
Key pressed, stopping explore.
Key pressed, stopping explore.
Partly explored, can't reach some items.
Partly explored, can't reach some items.
Really walk into a travel-excluded area?
You are engulfed in blazing flames.
Ouch! That really hurt!
You are engulfed in blazing flames.
Ouch! That really hurt!
You die...

.................................
............###............###.##
............#######...###### #.##
......)...>...# #○°○# #...
###.....####### #§☼§# ####.#.
#.....# #### #☼§.# #......
#.....# #..#####...######.#.##
#.....# #...§§§.[$..§§..#.#.##
#.....# #.#.§@☼...:..○○.......
##...).####.#.○○☼.$.?..§☼......#
#............#####...#####......
#............# #☼.§# #...##.
##..###.......# #§☼§# #...##.
#..##.##......# #§○.# #...+..
..##...##.....### #...#####...###
.##.._.^##......# #..............
##..^.^..##.....# #...........###


There were no monsters in sight!

Vanquished Creatures
  An orc wizard (D:3)
  4 adders
  2 worms
  A dart slug (D:1)
  4 orcs
  3 ball pythons (D:3)
  3 endoplasms
  2 giant cockroaches
  2 goblins
  2 hobgoblins (D:2)
  6 jackals
  A quokka (D:1)
  5 bats
  4 frilled lizards
  4 kobolds
  6 rats
50 creatures vanquished.

Vanquished Creatures (others)
  An endoplasm (D:3)
1 creature vanquished.

Grand Total: 51 creatures vanquished

Notes
Turn   | Place    | Note
-------+----------+-------------------------------------------
     0 | D:1      | browni3141 the Human Earth Elementalist began the quest for
                  | the Orb.
     0 | D:1      | Reached XP level 1. HP: 13/13 MP: 3/3
   309 | D:1      | Reached skill level 1 in Fighting
   360 | D:1      | Reached XP level 2. HP: 21/21 MP: 0/5
  1018 | D:2      | Learned a level 2 spell: Passwall
  1209 | D:2      | Reached XP level 3. HP: 22/27 MP: 3/6
  1408 | D:2      | Found a faded altar of an unknown god.
  1417 | D:2      | Learned a level 3 spell: Stone Arrow
  1639 | D:2      | Reached XP level 4. HP: 33/33 MP: 5/7
  1951 | D:2      | Reached skill level 1 in Conjurations
  2396 | D:3      | Found a sparkling altar of Nemelex Xobeh.
  2573 | D:3      | Reached XP level 5. HP: 38/38 MP: 8/8
  3120 | D:3      | Engulfed by a cloud of flame

Illustrated notes

Levels and vault maps discovered:
D:1:      lemuel_arrival_tunnels, layout_basic
D:2:      layout_loops_corners, hellmonk_ecumenical_altar_lost_god,
          dreamdust_princess_bridge
D:3:      minmay_angry_zag, layout_basic, nemelex_spade_bored_becter,
          lemuel_flame_loot_1

Skill      XL: |  1  2  3  4  5 |
---------------+----------------+-----
Fighting       | 1 2 |  2.0
Transmutations | 2 3 |  3.0
Conjurations   | 1 2 |  2.5
Dodging        | |  2.0
Stealth        | |  2.0
Spellcasting   | |  2.0
Earth Magic    | |  3.0

Action                     |  1- 3 |  4- 6 || total
---------------------------+-------+-------++-------
  Melee: Whip              |    13 |     4 ||    17
         Short sword       |       |     6 ||     6
   Cast: Sandblast         |    37 |    51 ||    88
    Use: Scroll            |       |     5 ||     5
 Armour: Robe              |     6 |    12 ||    18
  Dodge: Dodged            |    21 |    30 ||    51

Table legend: (Time is in decaauts)
 A = Elapsed time spent in this place.
 B = Non-inter-level travel time spent in this place.
 C = Inter-level travel time spent in this place.
 D = Time resting spent in this place.
 E = Time spent auto-exploring this place.
 F = Levels seen in this place.
 G = Mean time per level.
                   A        B        C        D        E       F      G
               +--------+--------+--------+--------+--------+-----+--------+
         Total |   3163 |   3058 |    105 |      0 |   2710 |   3 | 1054.3 |
       Dungeon |   3163 |   3058 |    105 |      0 |   2710 |   3 | 1054.3 |
               +--------+--------+--------+--------+--------+-----+--------+

Top non-repeatable levels by time:
     D:2: 1160 daAuts
     D:3: 1017 daAuts
     D:1: 985 daAuts
